 Dungeon Crawl Stone Soup version 0.19-a0-831-gce7da8b (webtiles) character file.

9048 nubinia the Thaumaturge (level 11, -8/56 HPs)
             Began as a Deep Elf Conjurer on June 30, 2016.
             Was an Elder of Vehumet.
             Killed by Ozocubu's Refrigeration
             ... invoked by Fannar
              (21 damage)
             ... on level 11 of the Dungeon.
             The game lasted 01:08:49 (11260 turns).

nubinia the Thaumaturge (Deep Elf Conjurer)        Turns: 11260, Time: 01:08:50

Health: -8/56      AC:  7    Str:  7    XL:     11   Next: 17%
Magic:  3/29       EV: 16    Int: 23    God:    Vehumet [****..]
Gold:   545        SH:  0    Dex: 16    Spells: 8 memorised, 10 levels left

rFire  . . .     SeeInvis +     a - +3 dagger (vamp)
rCold  . . .     Gourm    .     g - +0 robe
rNeg   . . .     Faith    .     (no shield)
rPois  .         Spirit   .     v - +0 helmet
rElec  .         Dismiss  .     R - +1 cloak
rCorr  .         Reflect  .     l - +0 pair of gloves
SustAt .         Harm     .     x - +0 pair of boots
MR     ++...                    z - amulet of regeneration
Stlth  ++++......               J - ring of see invisible
                                q - ring of flight

@: very resistant to hostile enchantments, stealthy
A: magic resistance 1, strong 1, wild magic 1
a: Renounce Religion, Evoke Flight


You were on level 11 of the Dungeon.
You worshipped Vehumet.
Vehumet was greatly pleased with you.
You were hungry.

You visited 2 branches of the dungeon, and saw 12 of its levels.

You collected 674 gold pieces.
You spent 129 gold pieces at shops.

Inventory:

Hand Weapons
 a - a +3 vampiric dagger (weapon)
 b - a +1 mace of protection
 i - a +2 hand axe of electrocution
 A - a +2 dagger of venom
Armour
 g - a +0 robe (worn)
 l - a +0 pair of gloves (worn)
 v - a +0 helmet (worn)
 x - a +0 pair of boots (worn)
 R - a +1 cloak (worn)
Jewellery
 q - a ring of flight (left hand)
 z - an amulet of regeneration (around neck)
 D - an uncursed ring of protection from magic
 J - a ring of see invisible (right hand)
Wands
 w - a wand of random effects (15/48)
 y - a wand of slowing (10/48)
 C - a wand of random effects (12/48)
 G - a wand of iceblast (4/15)
Scrolls
 d - 4 scrolls of identify
 h - 3 scrolls of teleportation
 j - 4 scrolls of fog
 p - 3 scrolls of remove curse
 t - 3 scrolls of amnesia
 S - 2 scrolls of magic mapping
Potions
 e - 2 potions of cure mutation
 k - a potion of haste
 m - 2 potions of flight
 o - 5 potions of curing
 r - a potion of heal wounds
 N - 2 potions of might
 P - 3 potions of agility
Books
 f - a book of Conjurations

   Spells                             Type                      Level
   a - Magic Dart                     Conjuration                  1
   b - Searing Ray                    Conjuration                  2
   c - Dazzling Spray                 Conjuration/Hexes            3
   d - Fulminant Prism                Conjuration/Hexes            4
   e - Iskenderun's Mystic Blast      Conjuration                  4
   f - Iskenderun's Battlesphere      Conjuration/Charms           5
 I - a book of Misfortune

   Spells                             Type                      Level
   a - Confusing Touch                Hexes                        1
   b - Confuse                        Hexes                        3
   c - Gell's Gravitas                Hexes/Translocation          3
   d - Petrify                        Transmutation/Earth          4
   e - Metabolic Englaciation         Hexes/Ice                    5
   f - Yara's Violent Unravelling     Hexes/Transmutation          5
 M - a book of Battle

   Spells                             Type                      Level
   a - Infusion                       Charms                       1
   b - Shroud of Golubria             Charms/Translocation         2
   c - Song of Slaying                Charms                       2
   d - Spectral Weapon                Hexes/Charms                 3
   e - Regeneration                   Charms/Necromancy            3
 O - a book of Debilitation

   Spells                             Type                      Level
   a - Corona                         Hexes                        1
   b - Slow                           Hexes                        2
   c - Gell's Gravitas                Hexes/Translocation          3
   d - Inner Flame                    Hexes/Fire                   3
   e - Cause Fear                     Hexes                        4
   f - Leda's Liquefaction            Hexes/Earth                  4
Comestibles
 c - 10 bread rations
 n - 6 fruits
 s - a beef jerky
 H - 4 meat rations
 L - 10 royal jellies


   Skills:
 + Level 1.3 Fighting
 + Level 1.9 Short Blades
 + Level 6.6 Dodging
 + Level 7.8 Stealth
 + Level 12.1 Spellcasting
 + Level 10.7 Conjurations
 + Level 4.5 Hexes
 + Level 10.8 Charms


You had 10 spell levels left.
You knew the following spells:

 Your Spells              Type           Power        Failure   Level  Hunger
a - Magic Dart            Conj           ####         1%          1    None
b - Dazzling Spray        Conj/Hex       ######       1%          3    None
c - Iskenderun's Mystic   Conj           ######..     1%          4    None
d - Confuse               Hex            #####...     3%          3    None
e - Conjure Flame         Conj/Fire      ######..     1%          3    None
g - Shroud of Golubria    Chrm/Tloc      ######....   1%          2    None
i - Iskenderun's Battles  Conj/Chrm      ######..     1%          5    ###....
r - Regeneration          Chrm/Necr      ######....   2%          3    None


Dungeon Overview and Level Annotations

Branches:
Dungeon (11/15)            Temple (1/1) D:6            Lair (0/6) D:11
    Orc: D:9-12

Altars:
Ashenzari
Cheibriados
Elyvilon
Fedhas
Hepliaklqana
Kikubaaqudgha
Makhleb
Okawaru
Qazlal
Ru
Sif Muna
Trog
Uskayaw
Vehumet
Yredelemnul
Zin
The Shining One

Shops:
D:9 !   D:10 ?

Annotations:
D:3 exclusion: player ghost, Amnesiac's ghost, weakling DEWz
D:11 Fannar


Innate Abilities, Weirdness & Mutations

You are resistant to hostile enchantments. (MR+)
Your muscles are strong. (Str +2)
Your spells are a little harder to cast, but a little more powerful.


Message History

* * * LOW HITPOINT WARNING * * *
Unknown command.
Fannar casts a spell.
As you read the scroll of teleportation, it crumbles to dust.
You feel strangely unstable. Fannar casts a spell at you.
The bolt of cold hits the ice beast.
The ice beast completely resists.
The bolt of cold misses you.
Fannar mumbles some strange words.
Your surroundings seem slightly different.
The ice beast hits you but does no damage.
Fannar casts a spell.
Fannar blinks!
The ice beast hits your battlesphere.
The ice beast freezes your battlesphere.
Your battlesphere resists.
Fannar mumbles some strange words.
Fannar drains the heat from the surrounding environment!
You feel very cold.
You die...

#...........#............. ....##
.##....................####......
.?...............................
.................................
.........>###..............#.....
..............(.........##......^
.........####....##.##...........
###......## ####.#..##...........
#######.<.######@..###...##......
...# #.......Y.*......#...#.....
...# ##..........#.#######.††....
...###......Y....#.......###.....
............e....#######.##......
...####...Y......# #..#......
.....##..........# ##........
...#..#.###################......
..>##............................


You could see Fannar, 3 ice beasts and a friendly battlesphere.

Vanquished Creatures
  3 hill giants (D:10)
  A cyclops (D:11)
  Joseph (D:8)
  A troll (D:11)
  4 yaks (D:11)
  A wraith (D:10)
  3 hungry ghosts
  A hippogriff (D:8)
  A mottled dragon (D:11)
  The ghost of Amnesiac the Thaumaturge, an amateur DEWz (D:5)
  2 water moccasins
  4 ice beasts
  3 orc warriors
  5 sky beasts
  2 black bears
  An eye of draining (D:10)
  5 ogres
  A necrophage (D:7)
  8 centaurs
  A crocodile (D:10)
  A big kobold (D:7)
  10 giant frogs
  4 scorpions
  9 crimson imps
  2 howler monkeys
  A quasit (D:10)
  4 jellies (D:8)
  3 hounds
  4 orc priests
  2 iguanas
  8 orc wizards
  7 worker ants
  A hound skeleton (D:5)
  A worker ant zombie (D:9)
  7 gnolls
  7 adders
  3 shadow imps
  6 oozes
  An adder zombie (D:9)
  2 adder skeletons
  4 worms
  4 dart slugs
  5 giant geckos
  42 orcs
  2 ball pythons
  8 giant cockroaches
  14 goblins
  9 hobgoblins
  23 jackals
  16 kobolds
  7 quokkas
  14 bats
  A giant cockroach zombie (D:6)
  2 giant gecko skeletons (D:5)
  4 giant newts
  A jackal zombie (D:8)
  A quokka skeleton (D:6)
  8 rats
297 creatures vanquished.

Notes
Turn   | Place    | Note
--------------------------------------------------------------
     0 | D:1      | nubinia the Deep Elf Conjurer began the quest for the Orb.
     0 | D:1      | Reached XP level 1. HP: 10/10 MP: 6/6
   344 | D:1      | Reached XP level 2. HP: 15/15 MP: 2/8
   735 | D:1      | Reached skill level 5 in Conjurations
   839 | D:1      | Reached XP level 3. HP: 19/19 MP: 9/9
   956 | D:1      | Learned a level 3 spell: Dazzling Spray
  1546 | D:2      | Reached XP level 4. HP: 24/24 MP: 9/11
  1568 | D:2      | Learned a level 4 spell: Iskenderun's Mystic Blast
  1836 | D:2      | You fall through a shaft!
  2654 | D:3      | Found a bloodstained altar of Trog.
  2889 | D:3      | Reached skill level 4 in Spellcasting
  3056 | D:3      | Noticed Amnesiac's ghost (weakling DEWz)
  3320 | D:2      | Reached XP level 5. HP: 28/28 MP: 7/13
  3569 | D:4      | Found a stormy altar of Qazlal.
  3569 | D:4      | Found a basalt altar of Yredelemnul.
  3584 | D:4      | Found a sacrificial altar of Ru.
  3826 | D:4      | Reached XP level 6. HP: 32/32 MP: 8/15
  3833 | D:4      | Learned a level 5 spell: Iskenderun's Battlesphere
  4201 | D:5      | Entered Level 5 of the Dungeon
  4320 | D:5      | Reached skill level 1 in Charms
  4528 | D:5      | Noticed Amnesiac's ghost (amateur DEWz)
  4810 | D:5      | Reached skill level 5 in Charms
  4957 | D:5      | Reached XP level 7. HP: 36/36 MP: 4/16
  5062 | D:5      | Reached skill level 5 in Spellcasting
  5130 | D:5      | Found an iron altar of Okawaru.
  5289 | D:5      | Gained mutation: You have large cloven feet. [mutagenic meat]
  5674 | D:6      | Found a staircase to the Ecumenical Temple.
  6293 | D:6      | Reached skill level 6 in Spellcasting
  6293 | D:6      | Reached XP level 8. HP: 41/41 MP: 12/19
  6391 | Temple   | Entered the Ecumenical Temple
  6408 | Temple   | Became a worshipper of Vehumet
  6438 | D:6      | Reached skill level 5 in Stealth
  6438 | D:6      | Reached skill level 1 in Hexes
  6452 | D:6      | Found an iron altar of Okawaru.
  6602 | D:6      | Found a snail-covered altar of Cheibriados.
  6720 | D:5      | Killed Amnesiac's ghost
  6959 | D:7      | Reached skill level 7 in Spellcasting
  7225 | D:7      | Learned a level 3 spell: Confuse
  7236 | D:7      | Reached XP level 9. HP: 45/45 MP: 14/22
  7288 | D:7      | Reached * piety under Vehumet
  7288 | D:7      | Offered knowledge of Flame Tongue by Vehumet.
  7306 | D:7      | Reached skill level 8 in Spellcasting
  8204 | D:8      | Reached ** piety under Vehumet
  8204 | D:8      | Offered knowledge of Freeze by Vehumet.
  8221 | D:8      | Reached skill level 5 in Dodging
  8268 | D:8      | Reached skill level 9 in Spellcasting
  8448 | D:8      | Noticed Joseph
  8468 | D:8      | Killed Joseph
  8468 | D:8      | Reached skill level 1 in Short Blades
  8664 | D:8      | Found a blossoming altar of Fedhas.
  8994 | D:9      | Reached skill level 10 in Spellcasting
  9093 | D:9      | Reached skill level 10 in Charms
  9093 | D:9      | Reached XP level 10. HP: 50/50 MP: 21/26
  9112 | D:9      | Learned a level 2 spell: Shroud of Golubria
  9116 | D:9      | Learned a level 3 spell: Regeneration
  9203 | D:9      | Offered knowledge of Ignite Poison by Vehumet.
  9205 | D:9      | Found Guodghibe's Distillery.
  9217 | D:9      | Bought a potion of flight for 39 gold pieces
  9217 | D:9      | Bought a potion of agility for 52 gold pieces
  9415 | D:9      | Found a glowing golden altar of the Shining One.
  9548 | D:9      | Lost mutation: You have large cloven feet. [potion of mutation]
  9548 | D:9      | Gained mutation: You are occasionally teleported next to monsters. [potion of mutation]
  9548 | D:9      | Lost mutation: You are occasionally teleported next to monsters. [potion of mutation]
  9549 | D:9      | Gained mutation: Your muscles are strong. (Str +2) [potion of mutation]
  9549 | D:9      | Gained mutation: You are resistant to hostile enchantments. (MR+) [potion of mutation]
  9549 | D:9      | Gained mutation: Your spells are a little harder to cast, but a little more powerful. [potion of mutation]
  9580 | D:10     | Entered Level 10 of the Dungeon
  9589 | D:10     | Noticed a hill giant
  9611 | D:10     | Killed a hill giant
  9759 | D:10     | Reached *** piety under Vehumet
  9782 | D:10     | Noticed a hill giant
  9794 | D:10     | Killed a hill giant
  9794 | D:10     | Reached skill level 11 in Spellcasting
  9794 | D:10     | Reached skill level 10 in Conjurations
 10098 | D:10     | Offered knowledge of Airstrike by Vehumet.
 10479 | D:10     | Found Giefak's Magic Scroll Emporium.
 10505 | D:10     | Bought a scroll of magic mapping for 38 gold pieces
 10522 | D:10     | Noticed a hill giant
 10529 | D:10     | Killed a hill giant
 10529 | D:10     | Reached skill level 1 in Fighting
 10683 | D:10     | Reached **** piety under Vehumet
 10866 | D:11     | Reached XP level 11. HP: 56/56 MP: 14/28
 10874 | D:11     | Reached skill level 12 in Spellcasting
 10906 | D:11     | Offered knowledge of Conjure Flame by Vehumet.
 10911 | D:11     | Learned a level 3 spell: Conjure Flame
 11044 | D:11     | Found a staircase to the Lair.
 11050 | D:11     | Noticed Fannar
 11260 | D:11     | Killed from afar by Fannar

Vault maps used:
D:1:      evilmike_arrival_run_for_it, minmay_heptomino_w4
D:2:      first_bread
D:3:      lightli_temple_of_fire
D:4:      nicolae_ru_path_of_blood, gammafunk_temple_overflow_wave
D:5:      okawaru_altar_gauntlet_db
D:6:      minmay_klotski, kennysheep_little_box, nicolae_overflow_crystal_walls
D:8:      overflow_temple_1_default, hangedman_little_slice_of_home, uniq_joseph
D:9:      tso_oasis_becter, serial_shops, shop
D:10:     serial_shops, shop_coins, special_room
D:11:     lair_0_dummy, uniq_fannar
Temple:   zaba_magenta_temple

Skill      XL: |  1  2  3  4  5  6  7  8  9 10 11 |
---------------+----------------------------------+-----
Conjurations   | 5 6 7 9 10 | 10.7
Stealth        | 3 4 5 6 7 |  7.8
Spellcasting   | 4 6 7 10 11 12 | 12.1
Dodging        | 3 4 5 6 |  6.6
Charms         | 6 7 9 10 | 10.8
Hexes          | 2 3 4 |  4.5
Short Blades   | 1 |  1.9
Fighting       | 1 |  1.3

Action                   |  1- 3 |  4- 6 |  7- 9 | 10-12 || total
-------------------------+-------+-------+-------+-------++-------
Melee: Dagger            |    10 |    21 |    44 |   103 ||   178
       Mace              |       |       |     1 |       ||     1
 Cast: Magic Dart        |    84 |   141 |   228 |    86 ||   539
       Dazzling Spray    |       |     4 |    22 |    36 ||    62
       Iskenderun's Batt |       |       |    31 |    25 ||    56
       Iskenderun's Myst |       |       |       |     6 ||     6
  Use: Scroll            |     2 |     5 |     4 |     8 ||    19
       Potion            |     1 |     2 |       |     8 ||    11
 Stab: Sleeping          |     2 |     6 |     2 |     5 ||    15
       Invisible         |       |     1 |     4 |     2 ||     7
  Eat: Chunk             |     2 |     8 |    21 |     9 ||    40
       Royal jelly       |       |     1 |       |       ||     1
       Fruit             |       |       |     1 |     1 ||     2
Armor: Robe              |       |    15 |    29 |    21 ||    65
Dodge: Dodged            |     5 |    26 |    72 |    83 ||   186
